 Dungeon Crawl Stone Soup version 0.19-a0-606-gee5277e (webtiles) character file.

10940 Zzzzzzzzz the Thaumaturge (level 11, -1/96 HPs)
             Began as a Gargoyle Earth Elementalist on June 12, 2016.
             Was an Elder of Vehumet.
             Slain by jedvagenij's ghost (8 damage)
             ... on level 1 of the Lair of Beasts.
             The game lasted 00:43:10 (14581 turns).

Zzzzzzzzz the Thaumaturge (GrEE)                   Turns: 14581, Time: 00:43:11

Health: -1/96      AC: 25    Str: 11    XL:     11   Next: 70%
Magic:  2/24       EV:  2    Int: 20    God:    Vehumet [****..]
Gold:   1004       SH:  0    Dex: 10    Spells: 4 memorised, 16 levels left

rFire  . . .     SeeInvis .     m - +5 spear (flame)
rCold  . . .     Gourm    .     (armour currently unavailable)
rNeg   + + +     Faith    .     (no shield)
rPois  ∞         Spirit   .     (helmet currently unavailable)
rElec  .         Dismiss  .     (cloak currently unavailable)
rCorr  .         Reflect  .     (gloves currently unavailable)
SustAt .         Harm     .     (boots currently unavailable)
MR     .....     NoTele   +     (no amulet)
Stlth  +++.......               (no ring)
                                u - ring of stealth

@: tree-form, not resistant to hostile enchantments, fairly stealthy
A: negative energy resistance 1, (electricity resistance), (unbreathing),
petrification resistance, rot immunity, AC +7
a: Renounce Religion


You were on level 1 of the Lair of Beasts.
You worshipped Vehumet.
Vehumet was greatly pleased with you.
You were not hungry.
You were a tree.
You visited 3 branches of the dungeon, and saw 12 of its levels.

You collected 1004 gold pieces.

Inventory:

Hand Weapons
 g - a +0 club
 m - a +5 spear of flaming (weapon)
 n - a -2 trident
 G - the +0 flail of Doom {crush, rElec rF+ rC- Int+3}
   (You found it on level 9 of the Dungeon)

   It inflicts extra damage upon your enemies.
   It affects your intelligence (+3).
   It protects you from fire.
   It makes you vulnerable to cold.
   It insulates you from electricity.
Missiles
 b - 448 stones (quivered)
Armour
 c - a +0 robe (melded)
 h - a +2 pair of gloves (melded)
 s - a +2 cloak (melded)
 K - a +0 helmet (melded)
Jewellery
 u - a ring of stealth (left branch)
Wands
 j - a wand of paralysis (8/24)
 q - a wand of iceblast (3/15)
 t - a wand of hasting (9/9)
 y - a wand of lightning (7/15)
 E - a wand of teleportation (7/9)
 L - a wand of random effects (11/48)
Scrolls
 a - 3 scrolls of magic mapping
 f - a scroll of enchant armour
 o - 4 scrolls of remove curse
 w - 3 scrolls of fog
 A - a scroll of blinking
 J - 2 scrolls of teleportation
Potions
 k - 6 potions of curing
 l - a potion of cure mutation
 p - 4 potions of brilliance
 r - 2 potions of lignification
 v - 2 potions of mutation {unknown}
 x - 2 potions of cancellation {unknown}
 z - a potion of invisibility {unknown}
 B - a potion of haste
 O - a potion of resistance {unknown}
Books
 e - a book of Geomancy

   Spells                             Type                      Level
   a - Sandblast                      Earth                        1
   b - Passwall                       Transmutation/Earth          2
   c - Stone Arrow                    Conjuration/Earth            3
   d - Petrify                        Transmutation/Earth          4
   e - Lee's Rapid Deconstruction     Earth                        5
 C - a book of Misfortune

   Spells                             Type                      Level
   a - Confusing Touch                Hexes                        2
   b - Confuse                        Hexes                        3
   c - Gell's Gravitas                Hexes/Translocation          3
   d - Petrify                        Transmutation/Earth          4
   e - Metabolic Englaciation         Hexes/Ice                    5
   f - Yara's Violent Unravelling     Hexes/Transmutation          5
 D - a book of Conjurations

   Spells                             Type                      Level
   a - Magic Dart                     Conjuration                  1
   b - Searing Ray                    Conjuration                  2
   c - Dazzling Spray                 Conjuration/Hexes            3
   d - Fulminant Prism                Conjuration/Hexes            4
   e - Iskenderun's Mystic Blast      Conjuration                  4
   f - Iskenderun's Battlesphere      Conjuration/Charms           5
 H - a Young Poisoner's Handbook

   Spells                             Type                      Level
   a - Sting                          Conjuration/Poison           1
   b - Cure Poison                    Poison                       2
   c - Mephitic Cloud                 Conjuration/Poison/Air       3
   d - Olgreb's Toxic Radiance        Poison                       4
   e - Venom Bolt                     Conjuration/Poison           5
 M - a book of Burglary

   Spells                             Type                      Level
   a - Swiftness                      Charms/Air                   2
   b - Passwall                       Transmutation/Earth          2
   c - Passage of Golubria            Translocation                4
   d - Lee's Rapid Deconstruction     Earth                        5
   e - Darkness                       Hexes                        6
   f - Invisibility                   Hexes                        6
Comestibles
 d - 8 bread rations
 i - 3 meat rations
 F - 7 fruits
 I - 7 beef jerkies


   Skills:
 + Level 6.1 Fighting
 + Level 5.3 Polearms
 + Level 5.6 Armour
 + Level 5.1 Dodging
 - Level 2.1 Stealth
 * Level 9.6 Spellcasting
 + Level 7.3 Conjurations
   Level 0.7 Transmutations
 + Level 9.3 Earth Magic


You had 16 spell levels left.
You knew the following spells:

 Your Spells              Type           Power        Failure   Level  Hunger
a - Sandblast             Erth           #####.       1%          1    None
b - Stone Arrow           Conj/Erth      #####.       1%          3    None
c - Lee's Rapid Deconstr  Erth           #####.....   1%          5    #####..
d - Throw Icicle          Conj/Ice       ###.....     4%          4    ##.....


Dungeon Overview and Level Annotations

Branches:
Dungeon (10/15)            Temple (1/1) D:4            Lair (1/6) D:10
    Orc: D:9-12

Altars:
Ashenzari
Cheibriados
Dithmenos
Elyvilon
Fedhas
Gozag
Hepliaklqana
Kikubaaqudgha
Makhleb
Nemelex Xobeh
Okawaru
Pakellas
Qazlal
Ru
Sif Muna
Trog
Uskayaw
Vehumet
Xom
Yredelemnul
Zin
The Shining One

Shops:
D:9 ?

Annotations:
Lair:1 jedvagenij's ghost, journeyman MiFi


Innate Abilities, Weirdness & Mutations

You are resistant to torment.
((Your stone body is resilient. (AC +7)))
You are immune to poison.
You resist negative energy. (rN+)
((You are resistant to electric shocks. (rElec)))
((You can survive without breathing.))
You are immune to petrification.
You are immune to rotting.


Message History

You barely miss jedvagenij's ghost.
Jedvagenij's ghost is severely damaged.
Jedvagenij's ghost hits you but does no damage.
You hit jedvagenij's ghost. You burn jedvagenij's ghost.
Jedvagenij's ghost is severely damaged.
Jedvagenij's ghost wails, "What do you have that I didn't have?"
Jedvagenij's ghost hits you but does no damage.
You hit jedvagenij's ghost but do no damage.
Jedvagenij's ghost is severely damaged.
Jedvagenij's ghost hits you!
* * * LOW HITPOINT WARNING * * *
You hit jedvagenij's ghost but do no damage.
Jedvagenij's ghost is severely damaged.
You hit jedvagenij's ghost. You burn jedvagenij's ghost.
Jedvagenij's ghost is severely damaged.
Jedvagenij's ghost hits you but does no damage.
You hit jedvagenij's ghost but do no damage.
Jedvagenij's ghost is severely damaged.
Jedvagenij's ghost hits you!
You die...

...... #.... ...... #...
......###.. ..........#
..........###.#
..........##..### ###
......W...##..#.####P###
.......♣...............#
..........###...........
..........##...........#
..........# #...........
.........## ###..#.#P#..
........## ####..#####..
..P..#..####.##..P##.#.#
........................
.................####..#


You could see jedvagenij's ghost.

Vanquished Creatures
  Erolcha (D:10)
  The ghost of Starbucks the Fighter, a novice DsBe of Trog (D:10)
  An unseen horror (D:9)
  A deep elf mage (D:9)
  A cyclops (D:9)
  A gargoyle (D:8)
  3 komodo dragons
  4 trolls
  2 two-headed ogres (D:9)
  Grinder (D:4)
  Sigmund (D:5)
  A wraith (D:9)
  A wyvern (D:9)
  2 hungry ghosts
  A water moccasin (D:7)
  A mottled dragon (D:9)
  2 hell hounds (D:10)
  2 orc warriors (D:7)
  2 sky beasts
  A black bear (D:9)
  6 ogres
  2 phantoms
  A crocodile (D:10)
  3 centaurs
  3 big kobolds
  3 giant frogs
  2 wyvern skeletons (D:9)
  2 wyvern zombies (D:9)
  4 scorpions
  6 killer bees (D:9)
  8 wights
  2 howler monkeys
  7 crimson imps
  6 orc priests
  11 orc wizards
  4 centaur skeletons
  3 hounds
  4 jellies
  2 giant frog skeletons
  7 iguanas
  4 worker ants
  A hound zombie (D:5)
  A hound skeleton (D:6)
  A howler monkey zombie (D:7)
  5 gnolls
  15 adders
  3 shadow imps
  2 oozes
  2 adder zombies
  4 worms
  2 dart slugs (D:1)
  4 giant geckos
  32 orcs
  9 bats
  9 giant cockroaches
  15 goblins
  12 hobgoblins
  4 jackals
  19 kobolds
  3 quokkas
  9 giant newts
  A jackal skeleton (D:4)
  6 rats
279 creatures vanquished.

Vanquished Creatures (collateral kills)
  A killer bee (D:8)
  An iguana (D:8)
  An orc (D:8)
3 creatures vanquished.

Vanquished Creatures (others)
  A jackal (D:9)
1 creature vanquished.

Grand Total: 283 creatures vanquished

Notes
Turn   | Place    | Note
--------------------------------------------------------------
     0 | D:1      | Zzzzzzzzz the Gargoyle Earth Elementalist began the quest for the Orb.
     0 | D:1      | Reached XP level 1. HP: 10/10 MP: 3/3
    71 | D:1      | Reached XP level 2. HP: 15/15 MP: 0/5
   432 | D:1      | Reached XP level 3. HP: 19/19 MP: 4/7
   437 | D:1      | Learned a level 3 spell: Stone Arrow
  1144 | D:2      | Reached skill level 1 in Conjurations
  1365 | D:2      | Reached XP level 4. HP: 24/24 MP: 8/8
  2176 | D:2      | Found a snail-covered altar of Cheibriados.
  2187 | D:2      | Found a glowing golden altar of the Shining One.
  2373 | D:3      | Noticed an ogre
  2380 | D:3      | Killed an ogre
  2380 | D:3      | Reached XP level 5. HP: 28/28 MP: 9/11
  2766 | D:3      | Reached skill level 5 in Earth Magic
  2875 | D:3      | Found a stormy altar of Qazlal.
  3021 | D:3      | Found a shadowy altar of Dithmenos.
  3160 | D:3      | Reached XP level 6. HP: 28/32 MP: 12/12
  3555 | D:3      | Found a deep blue altar of Sif Muna.
  3603 | D:4      | Found a staircase to the Ecumenical Temple.
  3613 | Temple   | Entered the Ecumenical Temple
  3684 | Temple   | Became a worshipper of Vehumet
  3859 | D:4      | Noticed Grinder
  3886 | D:4      | Killed Grinder
  3889 | D:4      | Reached skill level 5 in Spellcasting
  3889 | D:4      | Reached XP level 7. HP: 36/36 MP: 3/14
  4229 | D:4      | Found an iron altar of Okawaru.
  4322 | D:4      | Found a burning altar of Makhleb.
  4681 | D:4      | Found a basalt altar of Yredelemnul.
  4739 | D:4      | Reached * piety under Vehumet
  4739 | D:4      | Offered knowledge of Freeze by Vehumet.
  4893 | D:5      | Entered Level 5 of the Dungeon
  5018 | D:5      | Found a sacrificial altar of Ru.
  5062 | D:5      | Noticed Sigmund
  5073 | D:5      | Killed Sigmund
  5073 | D:5      | Reached skill level 1 in Fighting
  5073 | D:5      | Reached skill level 1 in Polearms
  5073 | D:5      | Reached skill level 1 in Armour
  5073 | D:5      | Reached XP level 8. HP: 33/43 MP: 3/16
  5521 | D:5      | Learned a level 5 spell: Lee's Rapid Deconstruction
  5684 | D:6      | Found a shattered altar of Ashenzari.
  7208 | D:7      | Reached XP level 9. HP: 46/49 MP: 18/18
  7212 | D:7      | Offered knowledge of Throw Flame by Vehumet.
  7238 | D:7      | Reached ** piety under Vehumet
  8219 | D:8      | Reached skill level 5 in Conjurations
  8431 | D:8      | Noticed a gargoyle
  8454 | D:8      | Killed a gargoyle
  8652 | D:8      | Offered knowledge of Static Discharge by Vehumet.
  9346 | D:9      | Reached XP level 10. HP: 56/56 MP: 21/21
  9373 | D:9      | Found a sparkling altar of Nemelex Xobeh.
  9391 | D:9      | Killed an unseen horror
  9499 | D:9      | Reached *** piety under Vehumet
  9821 | D:9      | Noticed a cyclops
  9849 | D:9      | Killed a cyclops
  9938 | D:9      | Noticed a deep elf mage
  9957 | D:9      | Killed a deep elf mage
 10151 | D:9      | Got a transparent flail
 10153 | D:9      | Identified the cursed +0 flail of Doom {crush, rElec rF+ rC- Int+3} (You found it on level 9 of the Dungeon)
 10682 | D:9      | Offered knowledge of Throw Icicle by Vehumet.
 10686 | D:9      | Reached skill level 5 in Fighting
 10791 | D:9      | Learned a level 4 spell: Throw Icicle
 11044 | D:9      | Found an oddly glowing altar of Pakellas.
 11161 | D:9      | Reached XP level 11. HP: 52/63 MP: 23/23
 11427 | D:9      | Reached **** piety under Vehumet
 11642 | D:9      | Found Vejipsit's Magic Scroll Boutique.
 12343 | D:10     | Entered Level 10 of the Dungeon
 12512 | D:10     | Noticed Starbucks's ghost (novice DsBe)
 12519 | D:10     | Killed Starbucks's ghost
 12519 | D:10     | Reached skill level 5 in Armour
 13103 | D:10     | Offered knowledge of Airstrike by Vehumet.
 13141 | D:10     | Reached skill level 5 in Polearms
 13478 | D:10     | Reached skill level 5 in Dodging
 13589 | D:10     | Found a staircase to the Lair.
 13922 | D:10     | Noticed Erolcha
 13931 | D:10     | Killed Erolcha
 14158 | Lair:1   | Entered Level 1 of the Lair of Beasts
 14559 | Lair:1   | Noticed jedvagenij's ghost (journeyman MiFi)
 14581 | Lair:1   | Slain by jedvagenij's ghost

Vault maps used:
D:1:      lemuel_arrival_rhombus
D:2:      minitemple, minmay_door_square, minmay_goblin_outpost
D:3:      led_sif_pool, overflow_temple_1_default, first_bread,
          nicolae_dithmenos_shadow_blocks
D:4:      lemuel_round_altar, okawaru_gym_becter, bloody_makhleb,
          minmay_temple_entry_trees, minivault_27, uniq_grinder
D:5:      overflow_temple_1_default, uniq_sigmund
D:6:      nicolae_overflow_crystal_walls
D:7:      solitary_fountain
D:8:      hangedman_cross_stitches
D:9:      hangedman_cross_cluster, lemuel_crystal_altar, serial_shops,
          shop_scrolls, grunt_ogre_cave
D:10:     minmay_lair_entry_lava, uniq_erolcha
Temple:   triangle_lava_temple_10
Lair:1:   beast_lair_carwin_5, infiniplex_staircase_pool_2, uniq_joseph

Skill      XL: |  1  2  3  4  5  6  7  8  9 10 11 |
---------------+----------------------------------+-----
Earth Magic    | 4 5 6 7 8 9 |  9.3
Spellcasting   | 3 4 5 6 7 8 9 |  9.6
Conjurations   | 1 2 3 4 5 6 7 |  7.3
Fighting       | 1 2 3 5 6 |  6.1
Polearms       | 1 2 3 4 5 |  5.3
Armour         | 1 2 3 4 5 |  5.6
Dodging        | 2 3 4 5 |  5.1
Stealth        | |  2.1
Transmutations | |  0.7

Action                   |  1- 3 |  4- 6 |  7- 9 | 10-12 || total
-------------------------+-------+-------+-------+-------++-------
Melee: Trident           |    17 |   194 |       |       ||   211
       Club              |    10 |       |       |       ||    10
       Spear             |       |    39 |   403 |   296 ||   738
 Cast: Sandblast         |    47 |     3 |       |     3 ||    53
       Stone Arrow       |       |     6 |    45 |   113 ||   164
       Lee's Rapid Decon |       |       |     4 |     3 ||     7
  Use: Scroll            |     3 |     9 |    12 |     6 ||    30
       Potion            |       |     3 |     4 |     5 ||    12
 Stab: Sleeping          |       |     7 |     6 |     7 ||    20
       Distracted        |       |       |     1 |       ||     1
  Eat: Chunk             |     2 |     8 |    21 |    12 ||    43
       Pizza             |       |       |       |     2 ||     2
       Royal jelly       |       |       |       |     1 ||     1
       Beef jerky        |       |       |       |     1 ||     1
Armor: Robe              |    18 |    96 |   144 |   146 ||   404
       Skin              |       |       |       |     4 ||     4
Dodge: Dodged            |    33 |   149 |   208 |   204 ||   594
